 Dungeon Crawl Stone Soup version 0.22.1-1-ga44c0e56f4 (webtiles) character file.

78 Knicklaso the Cutter (level 4, 0/30 HPs)
             Began as a Halfling Warper on Sept 29, 2018.
             Succumbed to a worker ant's poison
             ... on level 2 of the Dungeon.
             The game lasted 00:03:28 (2043 turns).

Knicklaso the Cutter (Halfling Warper)              Turns: 2043, Time: 00:03:29

Health: 0/30       AC:  4    Str: 10 (13) XL:     4   Next: 61%
Magic:  6/6        EV: 14    Int: 10 (11) God:
Gold:   66         SH:  0    Dex: 11 (13) Spells: 2/6 levels left

rFire    . . .     SeeInvis .   a - +0 short sword
rCold    . . .     Gourm    .   (shield restricted)
rNeg     . . .     Faith    .   b - +0 leather armour
rPois    .         Spirit   .   (no helmet)
rElec    .         Reflect  .   (no cloak)
rCorr    .         Harm     .   m - +0 pair of gloves
MR       .....                  (no boots)
Stlth    +.........             (no amulet)
HPRegen  0.10/turn              (no ring)
MPRegen  0.10/turn              (no ring)

@: lethally poisoned (0 -> -5), very slightly contaminated, invisible
A: small, mutation resistance 1
a: no special abilities


You were on level 2 of the Dungeon.
You were not hungry.

You visited 1 branch of the dungeon, and saw 3 of its levels.

You collected 66 gold pieces.

Inventory:

Hand Weapons
 a - a +0 short sword (weapon)
Missiles
 e - 5 tomahawks of dispersal (quivered)
 j - 6 poisoned needles
Armour
 b - a +0 leather armour (worn)
 m - a +0 pair of gloves (worn)
Scrolls
 c - a scroll of enchant weapon {unknown}
 d - 3 scrolls of blinking
 h - 3 scrolls of identify {unknown}
 l - a scroll of teleportation {unknown}
 n - 3 scrolls of remove curse {unknown}
 q - a scroll of fog {unknown}
Potions
 k - a potion of resistance {unknown}
 o - a potion of haste {unknown}
Comestibles
 f - 8 rations
 p - 2 chunks of flesh


   Skills:
 + Level 2.4 Fighting
 * Level 4.2 Short Blades
 - Level 1.0 Throwing
 - Level 1.1 Armour
 + Level 3.0 Dodging
 - Level 1.5 Spellcasting
 - Level 3.2 Translocations


You had 2 spell levels left.
You knew the following spells:

 Your Spells              Type           Power        Failure   Level  Hunger
a - Blink                 Tloc           N/A          17%         2    ###....
b - Shroud of Golubria    Chrm/Tloc      #.........   34%         2    ###....

Your spell library contained the following spells:

 Spells                   Type           Power        Failure   Level  Hunger
 Gell's Gravitas          Tloc           #.........   34%         3    ####...
 Lesser Beckoning         Tloc           #.........   34%         3    ####...
 Teleport Other           Tloc           #.......     34%         3    ####...
 Passage of Golubria      Tloc           N/A          75%         4    #####..


Dungeon Overview and Level Annotations

Branches:
Dungeon (3/15)

Altars:


Innate Abilities, Weirdness & Mutations

You are small and have problems with some larger weapons.
You are somewhat resistant to further mutation.


Message History

* * * LOW HITPOINT WARNING * * *
You hit the worker ant.
The worker ant is lightly wounded.
The worker ant closely misses you.
You hit the worker ant.
The worker ant is moderately wounded.
* * * LOW HITPOINT WARNING * * *
You feel sick. The worker ant barely misses you.
It was a potion of degeneration.
There was something very wrong with that liquid.
You feel weakened.
You feel dopey.
You feel clumsy.
The worker ant bites you but does no damage.
It was a potion of invisibility.
You fade into invisibility!
* * * LOW HITPOINT WARNING * * *
You feel sick. The worker ant closely misses you.
You are very lightly contaminated with residual magic.
The worker ant bites you.
* * * LOW HITPOINT WARNING * * *
You die...

# #.# #.######..# #.# ##. #
#.# #.##......# #.# #. #
#.###.##รท####.# ##.## #. #
#.....##.# #.# ###...###### #
########.####.####...........
# #.....S.#......#...###### #
#.#####a#######...## # #.#
#.#######.### # ###.###
#.@....##.# # #.....#
#.#.....(.#
#######.###.###.#.......#
........# #.....#.......###
.######.###..#.....(......#
.# #......#.##.......#.######
.#
###..#....#.......#......##
.####
#....#..........##.......
....#
#.##....#######.##.###.##


You could see a worker ant and an adder.

Vanquished Creatures
  2 adders (D:2)
  An ooze (D:1)
  A worm (D:2)
  A dart slug (D:1)
  4 leopard geckos
  4 bats
  A giant cockroach (D:2)
  5 hobgoblins
  3 jackals (D:1)
  A ball python (D:1)
  4 frilled lizards (D:2)
  10 goblins
  4 kobolds
  7 rats
48 creatures vanquished.

Notes
Turn   | Place    | Note
-------+----------+-------------------------------------------
     0 | D:1      | Knicklaso the Halfling Warper began the quest for the Orb.
     0 | D:1      | Reached XP level 1. HP: 14/14 MP: 3/3
   151 | D:1      | Reached XP level 2. HP: 17/19 MP: 4/4
   196 | D:1      | Reached skill level 3 in Short Blades
   695 | D:1      | Reached XP level 3. HP: 20/24 MP: 5/5
   735 | D:1      | HP: 1/24 [kobold/short sword (1)]
  1115 | D:1      | Learned a level 2 spell: Blink
  1118 | D:1      | Learned a level 2 spell: Shroud of Golubria
  1383 | D:2      | Reached XP level 4. HP: 29/29 MP: 6/6
  1425 | D:2      | Reached skill level 4 in Short Blades
  2042 | D:2      | HP: 1/30 [worker ant (5)]
  2043 | D:2      | Succumbed to a worker ant's poison

Skill      XL: |  1  2  3  4 |
---------------+-------------+-----
Fighting       | 2 |  2.4
Short Blades   | 3 4 |  4.2
Dodging        | 3 |  3.0
Throwing       | |  1.0
Armour         | |  1.1
Spellcasting   | |  1.5
Translocations | |  3.2

Action                   |  1- 3 |  4- 6 || total
-------------------------+-------+-------++-------
Melee: Short sword       |   160 |    53 ||   213
  Use: Potion            |       |     2 ||     2
 Stab: Sleeping          |       |     1 ||     1
  Eat: Chunk             |     2 |     2 ||     4
Armor: Leather armour    |    19 |     5 ||    24
Dodge: Dodged            |   124 |    31 ||   155
